AoeStats
← jusart.92

Arena

510456708Analyzed
4v4 RM · 2d ago on Oct 1, 2026· 26m 42s· 8 players
Game mode
Random Map
Map size
Large (8 player)
Population
200
Speed
Normal
Resources
Standard
Victory
Conquest
Starting age
Dark Age
Ending age
Imperial Age
RankedLock teamsTeams togetherTeam positionsShared explorationLock speedFull tech treeHidden civsTurbo modeCheats
Victory
Defeat
🇨🇳 Cumans · China
1348
+10
🇨🇳 Saxons · China
1340
+10
🇨🇳 Teutons · China
1337
+11
🇨🇳 Mongols · China
1016
+23
🇨🇳 Saracens · China
1223
-14
🇺🇸 Hindustanis · United States
1215
-14
🇲🇽 Danes · Mexico
1200
-13
🇳🇮 Goths · Nicaragua
1191
-13
老k
11:28 Feudal Age
12:44 Double-Bit Axe
15:47 Castle Age
14:03 Horse Collar
15:25 Wheelbarrow
17:27 Bow Saw
17:49 Heavy Plow
21:50 Fletching
sj
10:03 Feudal Age
11:20 Double-Bit Axe
14:08 Castle Age
14:26 Horse Collar
15:22 Bow Saw
15:27 Heavy Plow
28:00 Imperial Age
26:22 Scale Barding Armor
26:27 Forging
Naxzh Foster
10:00 Feudal Age
14:27 Castle Age
12:29 Double-Bit Axe
12:54 Horse Collar
18:56 Bow Saw
20:41 Wheelbarrow
21:54 Heavy Plow
22:44 Gold Mining
25:17 Scale Mail Armor
25:28 Forging
26:04 Loom
26:38 Hand Cart
jusart.92
6:49 Loom
9:28 Feudal Age
9:44 Man-at-Arms
10:09 Arson
17:50 Castle Age
18:35 Gambesons
25:06 Pikeman
25:47 Squires
TwT
10:27 Feudal Age
14:28 Castle Age
14:20 Arson
17:59 Scale Mail Armor
22:14 Squires
哈偶纳尼
5:53 Loom
8:29 Feudal Age
9:47 Town Watch
10:00 Fletching
19:06 Double-Bit Axe
XY
8:25 Feudal Age
9:11 Double-Bit Axe
9:27 Horse Collar
20:28 Castle Age
19:02 Gold Mining
19:43 Scale Barding Armor
20:17 Bloodlines
20:19 Forging
20:47 Capped Ram
21:49 Chain Barding Armor
27:38 Wheelbarrow
26:49 Loom
27:25 Bow Saw
27:19 Heavy Plow
Great after 40mins
11:38 Feudal Age
12:08 Double-Bit Axe
16:30 Castle Age
14:18 Horse Collar
15:48 Gold Mining
16:23 Stone Mining
17:30 Bow Saw
19:04 Heavy Plow
22:02 Wheelbarrow
Connection lost

Rejoining the realm…

Still unreachable

The connection could not be restored.

Session expired

The server has moved on; the page needs a fresh start.